MID
LAKE COUNTY CAPTAINS @ WEST MICHIGAN WHITECAPS
06/01/2098
 
TOP OF THE 1ST
Lake County Captains batting - Pitching for West Michigan Whitecaps : RHP Danny Paderes
Pitching: RHP Danny Paderes
Batting: RHB Gabe Trujillo 0-0: Ball
1-0: Foul Ball, location: 9LDF
1-1: Foul Ball, location: 2F
1-2: Ball
2-2: Ball
3-2: Base on Balls
Batting: RHB Chad Graessle 0-0: Ball
1-0: Ball
2-0: Ball
3-0: Called Strike
3-1: Base on Balls
Gabe Trujillo to second
Batting: LHB Chris Shuford 0-0: Called Strike
0-1: Foul Ball, location: 2F
0-2: 3-RUN HOME RUN (Flyball, 78XD, EV 100.6 MPH), Distance : 416 ft
Batting: LHB Donny Liebler 0-0: Ball
1-0: Foul Ball, location: 7LMF
1-1: Foul Ball, location: 2F
1-2: Strikes out swinging
Batting: RHB Carlos Adame 0-0: Called Strike
0-1: Ball
1-1: SOLO HOME RUN (Flyball, 9LD, EV 96.3 MPH), Distance : 349 ft
Batting: RHB Alex Avitia 0-0: Ball
1-0: Ball
2-0: Ball
3-0: Base on Balls
Batting: RHB Tony Cerezo 0-0: SINGLE (Groundball, 34D, EV 95.0 MPH)
Alex Avitia to second
Runner from 2nd tries for 3rd, SAFE, no throw by RF
Batting: RHB Chad Black 0-0: Ball
1-0: Ball
Wild Pitch!
Alex Avitia scores
Tony Cerezo to second
2-0: Ball
3-0: Called Strike
3-1: Base on Balls
Batting: RHB Jesus Sanchez 0-0: SINGLE (Line Drive, 8RS, EV 101.9 MPH)
Tony Cerezo to third
Chad Black to second
Runner from 3rd tries for Home, SAFE, throw by CF to home
Pitching: RHP Tony Santillan
Batting: RHB Gabe Trujillo 0-0: Ball
1-0: Ball
2-0: Foul Ball, location: 5DF
2-1: Foul Ball, location: 2F
2-2: Ball
3-2: Base on Balls
Chad Black to third
Jesus Sanchez to second
Batting: RHB Chad Graessle 0-0: Ball
1-0: Ball
2-0: Foul Ball, location: 2F
2-1: Fly out, F8 (Flyball, 89M, EV 95.0 MPH)
Runner from 3rd tags up, SCORES, throw by CF
Jesus Sanchez to third
Batting: LHB Chris Shuford 0-0: Ball
1-0: Ball
2-0: Swinging Strike
2-1: Called Strike
2-2: Ball
3-2: Foul Ball, location: 7LSF
3-2: Base on Balls
Gabe Trujillo to second
Batting: LHB Donny Liebler 0-0: Ball
1-0: Foul Ball, location: 2F
1-1: Ball
2-1: Swinging Strike
2-2: Ball
3-2: Base on Balls
Jesus Sanchez scores
Gabe Trujillo to third
Chris Shuford to second
Batting: RHB Carlos Adame 0-0: Ball
1-0: Swinging Strike
1-1: Swinging Strike
1-2: Foul Ball, location: 2LF
1-2: Ball
2-2: Ball
3-2: Base on Balls
Gabe Trujillo scores
Chris Shuford to third
Donny Liebler to second
Batting: RHB Alex Avitia 0-0: Ball
1-0: Ball
2-0: Foul Ball, location: 2F
2-1: Foul Ball, location: 2F
2-2: Ball
3-2: Strikes out swinging
Top of the 1st over - 9 runs, 4 hits, 0 errors, 3 left on base; Lake County 9 - West Michigan 0
BOTTOM OF THE 1ST
West Michigan Whitecaps batting - Pitching for Lake County Captains : RHP Justin Scharrer
Pitching: RHP Justin Scharrer
Batting: LHB Jim Unknown 0-0: Called Strike
0-1: Foul Ball, location: 2F
0-2: Ball
1-2: Ball
2-2: Foul Ball, location: 5DF
2-2: Foul Ball, location: 2F
2-2: Ball
3-2: Base on Balls
Batting: RHB Jay Burdis 0-0: Called Strike
0-1: Ball
1-1: Swinging Strike
1-2: Foul Ball, location: 2F
1-2: Foul Ball, location: 3FF
1-2: Fly out, F9 (Flyball, 9S, EV 74.4 MPH)
Batting: SHB Christian Salazar 0-0: Ball
1-0: Called Strike
1-1: 2-RUN HOME RUN (Flyball, 78XD, EV 110.6 MPH), Distance : 419 ft
Batting: RHB Aaron Reid 0-0: Ball
1-0: Swinging Strike
1-1: Foul Ball, location: 7LSF
1-2: Strikes out swinging
Batting: RHB Nick Hartel 0-0: Fly out, F8 (Flyball, 8LS, EV 85.6 MPH)
Bottom of the 1st over - 2 runs, 1 hit, 0 errors, 0 left on base; Lake County 9 - West Michigan 2
TOP OF THE 2ND
Lake County Captains batting - Pitching for West Michigan Whitecaps : RHP Tony Santillan
Batting: RHB Tony Cerezo 0-0: Called Strike
0-1: Called Strike
0-2: Fly out, F8 (Flyball, 8RD, EV 86.9 MPH)
Batting: RHB Chad Black 0-0: Ball
1-0: Fly out, F2 (Popup, 25F, EV 82.5 MPH)
Batting: RHB Jesus Sanchez 0-0: Ball
1-0: Called Strike
1-1: Foul Ball, location: 7LSF
1-2: Fly out, F3 (Popup, 3SF, EV 75.6 MPH)
Top of the 2nd over - 0 runs, 0 hits, 0 errors, 0 left on base; Lake County 9 - West Michigan 2
BOTTOM OF THE 2ND
West Michigan Whitecaps batting - Pitching for Lake County Captains : RHP Justin Scharrer
Batting: RHB Jim Unknown 0-0: Called Strike
0-1: Ball
1-1: Ball
2-1: Ground out U3 (Groundball, 3S, EV 81.9 MPH)
Batting: RHB Jim Unknown 0-0: Called Strike
0-1: Foul Ball, location: 9LSF
0-2: Fly out, F6 (Popup, 4MD, EV 59.4 MPH)
Batting: RHB Jim Unknown 0-0: Ball
1-0: Ball
2-0: Foul Ball, location: 5F
2-1: Ball
3-1: SINGLE (Groundball, 4MS, EV 70.6 MPH) (infield hit)
Batting: RHB Jim Unknown 0-0: Ball
1-0: Foul Ball, location: 25F
1-1: Fly out, F7 (Flyball, 7, EV 91.3 MPH)
Bottom of the 2nd over - 0 runs, 1 hit, 0 errors, 1 left on base; Lake County 9 - West Michigan 2
TOP OF THE 3RD
Lake County Captains batting - Pitching for West Michigan Whitecaps : RHP Tony Santillan
Batting: RHB Gabe Trujillo 0-0: Ball
1-0: Called Strike
1-1: Called Strike
1-2: Ball
2-2: Ball
3-2: Foul Ball, location: 9LMF
3-2: Fly out, F4 (Line Drive, 34, EV 61.3 MPH)
Batting: RHB Chad Graessle 0-0: Ball
1-0: Ground out 4-3 (Groundball, 4, EV 85.0 MPH)
Batting: LHB Chris Shuford 0-0: Called Strike
0-1: Foul Ball, location: 5SF
0-2: Ball
1-2: Fly out, F3 (Popup, 3, EV 66.3 MPH)
Top of the 3rd over - 0 runs, 0 hits, 0 errors, 0 left on base; Lake County 9 - West Michigan 2
BOTTOM OF THE 3RD
West Michigan Whitecaps batting - Pitching for Lake County Captains : RHP Justin Scharrer
Batting: LHB Jim Unknown 0-0: Called Strike
0-1: Called Strike
0-2: Strikes out looking
Batting: RHB Jay Burdis 0-0: Called Strike
0-1: Swinging Strike
0-2: Strikes out swinging
Batting: SHB Christian Salazar 0-0: Ball
1-0: Foul Ball, location: 5SF
1-1: Called Strike
1-2: Ball
2-2: Ball
3-2: Strikes out swinging
Bottom of the 3rd over - 0 runs, 0 hits, 0 errors, 0 left on base; Lake County 9 - West Michigan 2
TOP OF THE 4TH
Lake County Captains batting - Pitching for West Michigan Whitecaps : RHP Tony Santillan
Batting: LHB Donny Liebler 0-0: Ball
1-0: Ball
2-0: Ball
3-0: Base on Balls
Pitching: RHP Jim Unknown
Batting: RHB Carlos Adame 0-0: Fly out, F8 (Flyball, 8RD, EV 103.8 MPH)
Batting: RHB Alex Avitia 0-0: Ball
1-0: 2-RUN HOME RUN (Flyball, 78XD, EV 104.4 MPH), Distance : 405 ft
Batting: RHB Tony Cerezo 0-0: Ball
1-0: Foul Ball, location: 2F
1-1: Called Strike
1-2: Strikes out swinging
Batting: RHB Chad Black 0-0: Ball
1-0: Called Strike
1-1: Ball
2-1: Foul Ball, location: 2F
2-2: Ground out U3 (Groundball, 3, EV 81.3 MPH)
Top of the 4th over - 2 runs, 1 hit, 0 errors, 0 left on base; Lake County 11 - West Michigan 2
BOTTOM OF THE 4TH
West Michigan Whitecaps batting - Pitching for Lake County Captains : RHP Justin Scharrer
Batting: RHB Aaron Reid 0-0: Ball
1-0: Ball
2-0: Ball
3-0: Called Strike
3-1: Foul Ball, location: 7LSF
3-2: Foul Ball, location: 7LDF
3-2: Foul Ball, location: 7LMF
3-2: Fly out, F8 (Flyball, 89M, EV 85.6 MPH)
Batting: RHB Nick Hartel 0-0: Called Strike
0-1: Ball
1-1: Ground out 6-3 (Groundball, 6, EV 93.8 MPH)
Batting: RHB Jim Unknown 0-0: Called Strike
0-1: Swinging Strike
0-2: Ball
1-2: Ball
2-2: Ball
3-2: SINGLE (Groundball, 4, EV 84.4 MPH)
Batting: RHB Jim Unknown 0-0: Ball
1-0: Foul Ball, location: 7LSFF
1-1: Ball
2-1: Ground out 5-3 (Groundball, 56S, EV 92.5 MPH)
Bottom of the 4th over - 0 runs, 1 hit, 0 errors, 1 left on base; Lake County 11 - West Michigan 2
TOP OF THE 5TH
Lake County Captains batting - Pitching for West Michigan Whitecaps : RHP Jim Unknown
Batting: RHB Jesus Sanchez 0-0: SINGLE (Line Drive, 9S, EV 93.8 MPH)
Batting: RHB Gabe Trujillo 0-0: Ball
1-0: Called Strike
1-1: Ball
2-1: Ball
3-1: Base on Balls
Jesus Sanchez to second
Batting: RHB Chad Graessle 0-0: Foul Ball, location: 2F
0-1: Ball
1-1: Fly out, F9 (Flyball, 9D, EV 101.3 MPH)
Runner from 2nd tags up, SAFE at 3rd, no throw by RF
Batting: LHB Chris Shuford 0-0: Foul Ball, location: 2RF
0-1: Called Strike
0-2: Ball
1-2: Foul Ball, location: 2F
1-2: Foul Ball, location: 7LMF
1-2: Fly out, F6 (Popup, 6, EV 81.9 MPH)
Batting: LHB Donny Liebler 0-0: Ball
1-0: Foul Ball, location: 2F
1-1: Swinging Strike
1-2: Ball
2-2: Ball
3-2: Fly out, F9 (Flyball, 9S, EV 86.9 MPH)
Top of the 5th over - 0 runs, 1 hit, 0 errors, 2 left on base; Lake County 11 - West Michigan 2
BOTTOM OF THE 5TH
West Michigan Whitecaps batting - Pitching for Lake County Captains : RHP Justin Scharrer
Batting: RHB Jim Unknown 0-0: Foul Ball, location: 2F
0-1: Swinging Strike
0-2: Strikes out swinging
Batting: RHB Jim Unknown 0-0: Foul Ball, location: 9LDF
0-1: Swinging Strike
0-2: Ball
1-2: Strikes out swinging
Batting: LHB Jim Unknown 0-0: Ball
1-0: Called Strike
1-1: Ball
2-1: Ball
3-1: Ground out 4-3 (Groundball, 4MD, EV 99.4 MPH)
Bottom of the 5th over - 0 runs, 0 hits, 0 errors, 0 left on base; Lake County 11 - West Michigan 2
TOP OF THE 6TH
Lake County Captains batting - Pitching for West Michigan Whitecaps : RHP Jim Unknown
Batting: RHB Carlos Adame 0-0: Called Strike
0-1: Ball
1-1: Ball
2-1: SINGLE (Groundball, 6MD, EV 103.8 MPH)
Batting: RHB Alex Avitia 0-0: Called Strike
0-1: Ball
1-1: Foul Ball, location: 2F
1-2: Ball
2-2: Ball
3-2: Fielders Choice at 2nd, 3-6 (Groundball, 34, EV 77.5 MPH)
Batting: RHB Tony Cerezo 0-0: Fly out, F3 (Popup, 34, EV 73.8 MPH)
Batting: RHB Chad Black 0-0: Fly out, F7 (Flyball, 78M, EV 96.3 MPH)
Top of the 6th over - 0 runs, 1 hit, 0 errors, 1 left on base; Lake County 11 - West Michigan 2
BOTTOM OF THE 6TH
West Michigan Whitecaps batting - Pitching for Lake County Captains : RHP Justin Scharrer
Batting: RHB Jay Burdis 0-0: Ground out 5-3 (Groundball, 56, EV 88.8 MPH)
Batting: SHB Christian Salazar 0-0: Ball
1-0: Foul Ball, location: 7LSF
1-1: Fly out, F7 (Flyball, 7S, EV 73.8 MPH)
Batting: RHB Aaron Reid 0-0: Ball
1-0: Ball
2-0: Called Strike
2-1: Swinging Strike
2-2: Strikes out swinging, 2-3 out at first.
Bottom of the 6th over - 0 runs, 0 hits, 0 errors, 0 left on base; Lake County 11 - West Michigan 2
TOP OF THE 7TH
Lake County Captains batting - Pitching for West Michigan Whitecaps : RHP Jim Unknown
Batting: RHB Jesus Sanchez 0-0: Ball
1-0: Ball
2-0: DOUBLE (Line Drive, 89D, EV 109.4 MPH)
Batting: RHB Gabe Trujillo 0-0: Ball
1-0: Ground out 5-3 (Groundball, 56S, EV 86.9 MPH)
Batting: RHB Chad Graessle 0-0: Foul Ball, location: 9LMF
0-1: Ball
1-1: Foul Ball, location: 5DF
1-2: Ground out 5-3 (Groundball, 56, EV 80.6 MPH)
Batting: LHB Chris Shuford 0-0: Ball
1-0: Ball
2-0: Ground out 4-3 (Groundball, 4D, EV 108.8 MPH)
Top of the 7th over - 0 runs, 1 hit, 0 errors, 1 left on base; Lake County 11 - West Michigan 2
BOTTOM OF THE 7TH
West Michigan Whitecaps batting - Pitching for Lake County Captains : RHP Justin Scharrer
Pinch Hitting: RHB Jim Unknown 0-0: Called Strike
0-1: Ground out 5-3 (Groundball, 5, EV 93.8 MPH)
Batting: RHB Jim Unknown 0-0: Ground out 6-3 (Groundball, 6, EV 104.4 MPH)
Batting: RHB Jim Unknown 0-0: Ball
1-0: Swinging Strike
1-1: Called Strike
1-2: Foul Ball, location: 7LMFF
1-2: SINGLE (Line Drive, 56D, EV 94.4 MPH)
Pitching: LHP Steve Jamieson
Batting: RHB Jim Unknown 0-0: Called Strike
0-1: Ball
1-1: Fly out, F9 (Flyball, 9, EV 86.3 MPH)
Bottom of the 7th over - 0 runs, 1 hit, 0 errors, 1 left on base; Lake County 11 - West Michigan 2
TOP OF THE 8TH
Lake County Captains batting - Pitching for West Michigan Whitecaps : RHP Jim Unknown
Pitching: RHP Jim Unknown
Now at 1B: Jim Unknown
Pinch Hitting: RHB Ralph Monti 0-0: Called Strike
0-1: Ball
1-1: Called Strike
1-2: Fly out, F8 (Flyball, 8RD, EV 106.3 MPH)
Batting: RHB Carlos Adame 0-0: Ball
1-0: SINGLE (Line Drive, 9S, EV 110.0 MPH)
Batting: RHB Alex Avitia 0-0: Ball
1-0: Called Strike
1-1: Ball
2-1: Ground out 6-3 (Groundball, P, EV 87.5 MPH)
Carlos Adame to second
Batting: RHB Tony Cerezo 0-0: Swinging Strike
0-1: Swinging Strike
0-2: Strikes out swinging
Top of the 8th over - 0 runs, 1 hit, 0 errors, 1 left on base; Lake County 11 - West Michigan 2
BOTTOM OF THE 8TH
West Michigan Whitecaps batting - Pitching for Lake County Captains : LHP Steve Jamieson
Now in RF: Ralph Monti
Batting: RHB Jim Unknown 0-0: Ground out 6-3 (Groundball, 56, EV 86.3 MPH)
Batting: LHB Jim Unknown 0-0: Swinging Strike
0-1: Ball
1-1: Foul Ball, location: 3F
1-2: Fly out, F8 (Flyball, 8LD, EV 91.9 MPH)
Batting: RHB Jay Burdis 0-0: Called Strike
0-1: Ball
1-1: Foul Ball, location: 25F
1-2: Ball
2-2: Ball
3-2: Foul Ball, location: 5F
3-2: Base on Balls
Batting: SHB Christian Salazar 0-0: Ball
1-0: Fly out, F7 (Flyball, 78XD, EV 86.3 MPH)
Bottom of the 8th over - 0 runs, 0 hits, 0 errors, 1 left on base; Lake County 11 - West Michigan 2
TOP OF THE 9TH
Lake County Captains batting - Pitching for West Michigan Whitecaps : RHP Jim Unknown
Batting: RHB Chad Black 0-0: Called Strike
0-1: Foul Ball, location: 2F
0-2: Ball
1-2: Ball
2-2: Ball
3-2: SINGLE (Line Drive, 9LS, EV 93.8 MPH)
Batting: RHB Jesus Sanchez 0-0: Ball
1-0: Called Strike
1-1: Ball
2-1: DOUBLE (Flyball, 78XD, EV 104.4 MPH)
Chad Black to third
Runner from 3rd tries for Home, SAFE, throw by CF to trailing runner, SAFE at third!
Batting: RHB Gabe Trujillo 0-0: Called Strike
0-1: Ball
1-1: Ground out 6-3 (Groundball, 6S, EV 89.4 MPH)
Jesus Sanchez scores
Batting: RHB Chad Graessle 0-0: DOUBLE (Line Drive, 9LS, EV 111.3 MPH)
Batting: LHB Chris Shuford 0-0: Ground out 4-3 (Groundball, 4S, EV 73.8 MPH)
Chad Graessle to third
Batting: RHB Ralph Monti 0-0: Ball
1-0: Ground out 5-3 (Groundball, 5, EV 101.9 MPH)
Top of the 9th over - 2 runs, 3 hits, 0 errors, 1 left on base; Lake County 13 - West Michigan 2
BOTTOM OF THE 9TH
West Michigan Whitecaps batting - Pitching for Lake County Captains : LHP Steve Jamieson
Batting: LHB Jim Unknown 0-0: Called Strike
0-1: SINGLE (Line Drive, 8LS, EV 88.8 MPH)
Batting: RHB Jim Unknown 0-0: Swinging Strike
0-1: Foul Ball, location: 2F
0-2: Ball
1-2: Ball
2-2: Strikes out looking
Batting: RHB Jim Unknown 0-0: Swinging Strike
0-1: Ball
1-1: Ball
2-1: Ball
3-1: Called Strike
3-2: Grounds into double play, 5-4-3 (Groundball, 56, EV 90.6 MPH)
Bottom of the 9th over - 0 runs, 1 hit, 0 errors, 0 left on base; Lake County 13 - West Michigan 2
Thursday, April 4th , 2024 - OOTP Baseball 24.11 Build 85